 Dungeon Crawl Stone Soup version 0.31.0-12-g77e489cdc1 (webtiles) character file.

Game seed: 16451500515650874165

223 Gadfly the Covered (level 5, -3/45 HPs)
             Began as an Armataur Fighter on Feb 27, 2024.
             Slain by Menkaure (21 damage)
             ... on level 4 of the Dungeon.
             The game lasted 00:08:14 (2999 turns).

Gadfly the Covered (Armataur Fighter)               Turns: 2999, Time: 00:08:14

Health: -3/45      AC:  8    Str: 21    XL:     5   Next: 66%
Magic:  0/6        EV:  8    Int: 14    God:
Gold:   201        SH:  6    Dex: 12    Spells: 2/4 levels left

rFire   + . .        b - +5 falchion of the Fifty Knaves {heavy, rF+ Int+6 Dex-3}
rCold   . . .        c - +1 buckler
rNeg    . . .        o - +2 ring mail of Hopscotch {Harm Dex+3}
rPois   .            (no helmet)
rElec   .            (no cloak)
rCorr   .            (no gloves)
SInv    .            (no barding)
Will    .....        j - amulet of guardian spirit
Stlth   +            (no ring)
HPRegen 0.27/turn    (no ring)
MPRegen 0.10/turn

%: harm (+30% outgoing, +20% incoming), guardian spirit, roll
@: no status effects
A: large, deformed body, tough skin 3, armoured tail, roll 1
a: no special abilities


You were on level 4 of the Dungeon.
You visited 1 branch of the dungeon, and saw 4 of its levels.

You collected 201 gold pieces.

Inventory:

Hand Weapons
 a - a +1 flail
 b - the +5 falchion of the Fifty Knaves (weapon) {heavy, rF+ Int+6 Dex-3}
   (You took it off a hobgoblin on level 4 of the Dungeon)

   Int+6:     It affects your intelligence (+6).
   Dex-3:     It affects your dexterity (-3).
   rF+:       It protects you from fire.
Armour
 c - a +1 buckler (worn)
 o - the +2 ring mail of Hopscotch (worn) {Harm Dex+3}
   (You found it on level 3 of the Dungeon)

   Dex+3:     It affects your dexterity (+3).
   Harm:      It increases damage dealt and taken.
Jewellery
 h - the amulet "Maicues" {Faith Will+ Slay+3}
   (You found it on level 2 of the Dungeon)

   [amulet of faith]

   Faith:     It allows you to gain divine favour quickly.
   Slay+3:    It affects your accuracy & damage with ranged weapons and melee
   (+3).
   Will+:     It increases your willpower.
 j - an amulet of guardian spirit (around neck)
Wands
 m - a wand of roots (6) (quivered)
Scrolls
 g - a scroll of identify
Potions
 d - a potion of might
 e - 2 potions of curing


   Skills:
 + Level 3.4 Fighting
 * Level 3.0 Maces & Flails
 + Level 4.4 Armour
 + Level 4.0 Shields
 * Level 1.9 Invocations
 * Level 2.0 Evocations


You had 2 spell levels left.
You knew the following spells:

 Your Spells              Type           Power      Damage    Failure   Level
a - Blink                 Tloc           0%         N/A       63%         2

Your spell library contained the following spells:

 Spells                   Type           Power      Damage    Failure   Level
 Lesser Beckoning         Tloc           0%         N/A       63%         2
 Momentum Strike          Conj/Tloc      0%         3d8       63%         2
 Gell's Gravitas          Tloc           0%         N/A       86%         3
 Hailstorm                Conj/Ice       0%         3d5       86%         3
 Summon Ice Beast         Ice/Summ       0%         N/A       86%         3
 Teleport Other           Tloc           0%         N/A       86%         3
 Sculpt Simulacrum        Ice/Alch       0%         N/A       100%        6


Dungeon Overview and Level Annotations

Branches:
Dungeon (4/15)
 Temple: D:4-7

Altars:

Annotations:
D:4 Menkaure


Innate Abilities, Weirdness & Mutations

Armour fits poorly on your strangely shaped body.
You have extremely tough skin. (AC +3)
You have a long armoured tail.
You regenerate magic when rolling toward enemies. (Rampage MPRegen)


Message History

You kill the adder!
The hobgoblin hits you but does no damage.
Blork the orc barely misses you. You block the kobold's attack.
You block the hobgoblin's attack.
Your Maces & Flails skill increases to level 3!
Unknown command.
You slash the kobold!
You kill the kobold!
Blork the orc casts a spell at you. The magic dart hits you!
* * * LOW HITPOINT WARNING * * *
The hobgoblin hits you but does no damage.
Blork the orc closely misses you.
The hobgoblin hits you but does no damage.
Blork the orc barely misses you. The hobgoblin closely misses you.
Things that are here:
a +0 short sword; a kobold corpse; an adder corpse You feel much better.
Blork the orc hits you with a +6 glaive of protection!
You block the hobgoblin's attack.
Sorry, you're not good enough to have a special ability.
Aiming: Fastroot
Press: ? - help, Shift-Dir - straight line The roots erupt in riotous growth!
Roots grab Blork the orc.
The grasping roots constrict Blork the orc.
You block Blork the orc's attack. The hobgoblin closely misses you.
Unknown command.
You hit Blork the orc.
Blork the orc is almost dead.
The grasping roots constrict Blork the orc!
You kill Blork the orc!
The hobgoblin hits you but does no damage.
The hobgoblin closely misses you.
Your Shields skill increases to level 4!
Your Evocations skill increases to level 2!
You barely miss Menkaure. You tail-slap Menkaure!
Menkaure is severely damaged.
You block the hobgoblin's attack. Menkaure hits you!!
You die...

##<..##########
#....#...##..##
#...#........#.
#####..#........+.
##..##..#........#.
#...'...#........#.
#...##'####..###.#
#.g.##..###..###.##
#.@.#....#....>.)..
#####M##...#...######
#.....##...#..#
##....##...##
#....###### ##...#
##...# #....# #....#


You could see Menkaure and a hobgoblin.

Vanquished Creatures
  Blork the orc (D:4)
  A scorpion (D:4)
  A hound (D:4)
  Ijyb (D:4)
  2 adders
  A dart slug (D:2)
  7 orcs (D:3)
  7 endoplasms
  3 giant cockroaches
  2 goblins
  9 hobgoblins
  11 jackals
  4 kobolds
  2 ball pythons
  2 bats
  2 frilled lizards
  4 rats
60 creatures vanquished.

Notes
Turn   | Place    | Note
-------+----------+-------------------------------------------
     0 | D:1      | Gadfly the Armataur Fighter began the quest for the Orb.
     0 | D:1      | Reached XP level 1. HP: 18/18 MP: 1/1
   188 | D:1      | Reached XP level 2. HP: 24/25 MP: 2/2
  1091 | D:2      | Reached XP level 3. HP: 31/31 MP: 3/3
  1449 | D:2      | Identified the amulet "Maicues" {Faith Will+ Slay+3}
  1753 | D:2      | Learned a level 2 spell: Blink
  2149 | D:3      | Reached skill level 1 in Evocations
  2149 | D:3      | Reached XP level 4. HP: 27/38 MP: 4/4
  2264 | D:3      | Identified the +2 ring mail of Hopscotch {Harm Dex+3}
  2454 | D:4      | Noticed a scorpion
  2463 | D:4      | Killed a scorpion
  2464 | D:4      | Reached skill level 1 in Invocations
  2464 | D:4      | Reached XP level 5. HP: 28/45 MP: 4/6
  2625 | D:4      | Noticed Ijyb
  2650 | D:4      | Killed Ijyb
  2686 | D:4      | Identified the +5 falchion of the Fifty Knaves {heavy, rF+
                  | Int+6 Dex-3}
  2970 | D:4      | Noticed Menkaure
  2971 | D:4      | Noticed Blork the orc
  2998 | D:4      | Killed Blork the orc
  2999 | D:4      | Slain by Menkaure

Illustrated notes

Levels and vault maps discovered:
D:1:      scummos_arrival_forest, layout_basic
D:2:      layout_loops_ring, minmay_pentomino_t2
D:3:      layout_rooms, wad_floor_pattern_2
D:4:      minmay_wonky_spiral, layout_gridville, glass_columns_b,
          kennysheep_big_empty_room, minmay_snake_closets, uniq_ijyb,
          uniq_menkaure, uniq_blork_the_orc

Skill      XL: |  1  2  3  4  5 |
---------------+----------------+-----
Maces & Flails | 2 3 |  3.0
Fighting       | 3 |  3.4
Armour         | 4 |  4.4
Evocations     | 1 2 |  2.0
Invocations    | 1 |  1.9
Shields        | 4 |  4.0

Action                     |  1- 3 |  4- 6 || total
---------------------------+-------+-------++-------
  Melee: Flail             |   105 |    49 ||   154
         Tailslap          |     9 |     9 ||    18
         Falchion          |       |    14 ||    14
  Evoke: Wand              |       |     1 ||     1
    Use: Scroll            |     5 |     4 ||     9
         Potion            |       |     3 ||     3
 Armour: Scale mail        |    94 |    43 ||   137
         Ring mail         |       |    28 ||    28
  Dodge: Dodged            |    40 |    28 ||    68
  Block: Buckler           |    35 |    31 ||    66
